 Seeded DCSS version 0.29-a0-22-gbf593b16ee (webtiles) character file.

Game seed: 1111111111 (custom seed)

9 knot the Chopper (level 2, 19/24 HPs)
             Began as a Demonspawn Berserker on Jan 30, 2022.
             Was a Follower of Trog.
             Quit the game on level 1 of the Dungeon.
             The game lasted 00:00:14 (329 turns).

knot the Chopper (Demonspawn Berserker)              Turns: 329, Time: 00:00:14

Health: 19/24      AC:  2    Str: 17    XL:     2   Next: 3%
Magic:  2/2        EV: 12    Int:  8    God:    Trog [*.....]
Gold:   36         SH:  0    Dex: 12    Spells: 1/1 levels left

rFire   . . .      SeeInvis .   a - +0 hand axe
rCold   . . .      Faith    .   (no shield)
rNeg    . . .      Spirit   .   b - +0 animal skin
rPois   .          Reflect  .   (no helmet)
rElec   .          Harm     .   (no cloak)
rCorr   .          Rampage  .   (no gloves)
Will    .....                   (no boots)
Stlth   +.........              (no amulet)
HPRegen 0.08/turn               (no ring)
MPRegen 0.08/turn               (no ring)

@: no status effects
A: claws 1
a: Renounce Religion, Berserk


You were on level 1 of the Dungeon.
You worshipped Trog.
Trog was aware of your devotion.
You visited 1 branch of the dungeon, and saw 1 of its levels.

You collected 36 gold pieces.

Inventory:

Hand Weapons
 a - a +0 hand axe (weapon)
Missiles
 c - 18 stones (quivered)
Armour
 b - a +0 animal skin (worn)
Jewellery
 d - a ring of willpower


   Skills:
 - Level 3.0 Fighting
 + Level 3.2 Axes
 - Level 1.7 Armour
 - Level 1.7 Dodging


You had one spell level left.
You didn't know any spells.
Your spell library was empty.

Dungeon Overview and Level Annotations

Branches:
Dungeon (1/15)

Altars:


Innate Abilities, Weirdness & Mutations

You have sharp fingernails.


Message History

A kobold comes into view. It is wielding a +0 dagger.
The kobold shouts!
You hear a shout!
A kobold is nearby!
Found 19 gold pieces.
A goblin comes into view. It is wielding a +0 club.
The goblin shouts!
The kobold hits you with a +0 dagger.
You hit the kobold.
The kobold is heavily wounded.
The kobold barely misses you.
You slash the kobold!
You kill the kobold!
Trog accepts your kill.
You hit the goblin.
The goblin is moderately wounded.
The goblin hits you but does no damage.
You hit the goblin.
You kill the goblin!
Trog accepts your kill.
No target in view!
No target in view!
No target in view!
Things that are here:
a +0 club; a +0 dagger You see here a +0 ring mail.
You now have 36 gold pieces (gained 19).
An endoplasm comes into view.
An endoplasm is nearby!
The endoplasm quivers.
An endoplasm is nearby!
The endoplasm freezes you.
You are frozen.
You slash the endoplasm!
You kill the endoplasm!
Trog accepts your kill.
You have reached level 2!
You feel monstrous as your demonic heritage exerts itself.
Your demonic ancestry asserts itself...
Your fingernails lengthen.
Are you sure you want to abandon this character and quit the game? (Confirm with "yes".)

#........# ....##
#........# .....
##.###...##......
# #..[..).......
#.#.##.###......
#.#.##.# .....
#......# ....
###.#### ...
#..@# ## #.:...#
#.......#
#.........
#.......##.
##.....## #
##...## #####


There were no monsters in sight!

Vanquished Creatures
  An endoplasm (D:1)
  A goblin (D:1)
  2 hobgoblins (D:1)
  A kobold (D:1)
  3 rats (D:1)
8 creatures vanquished.

Notes
Turn   | Place    | Note
-------+----------+-------------------------------------------
     0 | D:1      | knot the Demonspawn Berserker began the quest for the Orb.
     0 | D:1      | Reached XP level 1. HP: 18/18 MP: 1/1
   329 | D:1      | Discovered your monstrous ancestry.
   329 | D:1      | Gained mutation: You have sharp fingernails. [demonic
                  | ancestry]
   329 | D:1      | Reached XP level 2. HP: 19/24 MP: 2/2
   329 | D:1      | Quit the game

Illustrated notes

Levels and vault maps discovered:
D:1:      sevenhm_arrival_forest_fort_small_6, layout_loops_cross,
          shapermc_ecumenical_altar_acropolis

Skill      XL: |  1 |
---------------+----+-----
Axes           | 3 |  3.2
Fighting       | |  3.0
Armour         | |  1.7
Dodging        | |  1.7

Action                   || total
-------------------------++-------
Melee: Hand axe          ||    13
Armor: Animal skin       ||     2
Dodge: Dodged            ||     4

Table legend: (Time is in decaauts)
 A = Elapsed time spent in this place.
 B = Non-inter-level travel time spent in this place.
 C = Inter-level travel time spent in this place.
 D = Time resting spent in this place.
 E = Time spent auto-exploring this place.
 F = Levels seen in this place.
 G = Mean time per level.
                   A        B        C        D        E       F      G
               +--------+--------+--------+--------+--------+-----+--------+
         Total |    331 |    331 |      0 |    144 |    150 |   1 |  331.0 |
       Dungeon |    331 |    331 |      0 |    144 |    150 |   1 |  331.0 |
               +--------+--------+--------+--------+--------+-----+--------+

Top non-repeatable levels by time:
     D:1: 331 daAuts
